[Event "Is Bankasi Online Satranc Turn.19-20 YAS"]
[Site "T#646377Mustafa Kemal"]
[Date "2020.05.27"]
[Round "1"]
[White "Koraypehlivano52"]
[Black "Kadirakin18"]
[Result "0-1"]
[WhiteElo "1620"]
[BlackElo "1620"]
[Annotator "NA RC"]
[PlyCount "54"]
[EventDate "2020.05.27"]
[EventType "swiss (blitz)"]
[TimeControl "180+2"]

1. e4 c5 2. Qh5 e6 3. Qf3 Nc6 4. c3 Nf6 5. d3 d5 6. exd5 exd5 7. h3 Be7 8. Qg3 O-O 9. Be2 Bd6 10. Qf3 Ne5 11. Qe3 Re8 12. Kf1 Bf5 13. Nf3 Nxd3 14. Bxd3 Rxe3 15. fxe3 Bxd3+ 16. Ke1 Bg3+ 17. Kd1 Ne4 18. Rg1 Qb6 19. Nbd2 Nf2+ 20. Ke1 Re8 21. Nf1 Bxf1 22. Rxf1 d4 23. cxd4 cxd4 24. b3 dxe3 25. Ke2 Qb5+ 26. Ke1 Qd3 27. Bd2 exd2# {[%emt 0:00:04] (Lag: Av=0.89s, max=1.4s)} 0-1

[Event "Is Bankasi Online Satranc Turn.19-20 YAS"]
[Site "T#646377Mustafa Kemal"]
[Date "2020.05.27"]
[Round "1"]
[White "Ahmettahainal50"]
[Black "Hamitalphanmet52"]
[Result "1-0"]
[WhiteElo "1433"]
[BlackElo "1620"]
[Annotator "NA RC"]
[PlyCount "91"]
[EventDate "2020.05.27"]
[EventType "swiss (blitz)"]
[TimeControl "180+2"]

1. d4 d5 2. Bf4 Nc6 3. e3 Nf6 4. Nf3 Bg4 5. Be2 e6 6. h3 Bxf3 7. Bxf3 Bd6 8. Bg5 h6 9. Bxf6 Qxf6 10. O-O O-O-O 11. Nd2 g5 12. c4 Rdg8 13. cxd5 exd5 14. Bxd5 Ne7 15. Qg4+ Kb8 16. Ne4 Qf5 17. Qxf5 Nxf5 18. Bxf7 Rf8 19. Be6 Ng7 20. Nxd6 Nxe6 21. Ne4 Rhg8 22. Rac1 g4 23. h4 h5 24. Nc5 Nxc5 25. Rxc5 Rh8 26. Rfc1 Rf7 27. g3 Rhf8 28. R1c2 Rh8 29. e4 c6 30. e5 Rd8 31. R5c4 Rfd7 32. e6 Re7 33. Re2 Rd6 34. Rc5 Rxd4 35. Rxh5 Kc7 36. Rf5 Kd6 37. Rfe5 Rd1+ 38. Kg2 Rd4 39. h5 Rd5 40. Rxd5+ Kxd5 41. h6 Kd6 42. f3 gxf3+ 43. Kxf3 Rh7 44. e7 Rxe7 45. Rxe7 Kxe7 46. h7 {[%emt 0:00:02] Hamitalphanmet52 resigns (Lag: Av=0.76s, max=1.3s)} 1-0

[Event "Is Bankasi Online Satranc Turn.19-20 YAS"]
[Site "T#646377Mustafa Kemal"]
[Date "2020.05.27"]
[Round "4"]
[White "Halityavuzibik00"]
[Black "Kadirakin18"]
[Result "0-1"]
[WhiteElo "1677"]
[BlackElo "1686"]
[Annotator "NA RC"]
[PlyCount "60"]
[EventDate "2020.05.27"]
[EventType "swiss (blitz)"]
[TimeControl "180+2"]

1. e4 c5 2. Nf3 e6 3. d4 cxd4 4. Nxd4 Nf6 5. Nc3 d6 6. g3 Be7 7. Bg2 Nbd7 8. O-O a6 9. f4 h5 10. h3 Qc7 11. Be3 Rb8 12. Qe2 b5 13. a3 Bb7 14. Rad1 Nc5 15. Bf2 Rd8 16. f5 e5 17. Nb3 Kf8 18. Rd2 Kg8 19. Rfd1 Ncd7 20. Be3 Nb6 21. Rd3 Nc4 22. Bc1 Qb6+ 23. Be3 Qc7 24. Bc1 Rd7 25. g4 hxg4 26. hxg4 Qb6+ 27. Be3 Nxe3 28. Rxe3 Nxg4 29. Rdd3 Nxe3 30. Rxe3 Bg5 {[%emt 0:00:01] Halityavuzibik00 terk eder (Lag: Av=0.56s, max=1.2s)} 0-1

[Event "Is Bankasi Online Satranc Turn.19-20 YAS"]
[Site "T#646377Mustafa Kemal"]
[Date "2020.05.27"]
[Round "4"]
[White "Egekargin94"]
[Black "Farukyazici26"]
[Result "1/2-1/2"]
[WhiteElo "1530"]
[BlackElo "1646"]
[Annotator "NA RC"]
[PlyCount "88"]
[EventDate "2020.05.27"]
[EventType "swiss (blitz)"]
[TimeControl "180+2"]

1. e4 e5 2. Nf3 Nc6 3. Bc4 Bc5 4. c3 Nf6 5. d4 exd4 6. cxd4 Bb4+ 7. Bd2 Bxd2+ 8. Nbxd2 d5 9. exd5 Nxd5 10. O-O O-O 11. a3 Bg4 12. h3 Bh5 13. Qb3 Nb6 14. Be2 Bxf3 15. Nxf3 Nxd4 16. Nxd4 Qxd4 17. Rad1 Qf6 18. Rfe1 Rad8 19. Bg4 Rd6 20. Qb5 c6 21. Qc5 Rxd1 22. Rxd1 Qxb2 23. Rd3 Qb5 24. Qe3 Nd5 25. Qg3 Nf6 26. Rf3 Qb1+ 27. Kh2 Nxg4+ 28. Qxg4 Qg6 29. Qb4 b5 30. Rg3 Qf6 31. Qg4 g6 32. Rf3 Qd6+ 33. g3 a5 34. h4 h5 35. Qg5 Kg7 36. Rc3 b4 37. axb4 axb4 38. Rb3 c5 39. Qc1 Qd4 40. Rf3 c4 41. Rf4 Qc3 42. Qxc3+ bxc3 43. Rxc4 Re8 44. Rxc3 {[%emt 0:00:02] Farukyazici26 beraberlik teklif ediyor} Re1 {[%emt 0:00:03] (Lag: Av=0.56s, max=0.8s)} 1/2-1/2

[Event "Is Bankasi Online Satranc Turn.19-20 YAS"]
[Site "T#646377Mustafa Kemal"]
[Date "2020.05.27"]
[Round "5"]
[White "ahmetosmanonar60"]
[Black "Halityavuzibik00"]
[Result "0-1"]
[WhiteElo "1613"]
[BlackElo "1604"]
[Annotator "NA RC"]
[PlyCount "48"]
[EventDate "2020.05.27"]
[EventType "swiss (blitz)"]
[TimeControl "180+2"]

1. c4 e5 2. Nc3 Nf6 3. g3 d5 4. cxd5 Nxd5 5. Bg2 Nb6 6. e3 Nc6 7. Nge2 Be7 8. O-O O-O 9. d4 exd4 10. Nxd4 Nxd4 11. Qxd4 Qxd4 12. exd4 c6 13. Bf4 Be6 14. Rfe1 Rad8 15. b3 Rxd4 16. Be3 Rd7 17. Ne4 Bd5 18. Bh3 Rdd8 19. Bf4 f5 20. Nd2 Bb4 21. Re5 Bc3 22. Rxf5 Rxf5 23. Bxf5 Bxa1 24. Bc7 Rf8 {[%emt 0:00:05] Zaman (Lag: Av=1.23s, max=7.6s)} 0-1